 Dungeon Crawl Stone Soup version 0.31-a0-145-g046c7d2549 (webtiles) character file.

Game seed: 3943742301265522995

51 Ge0ff the Cutter (level 3, 0/20 (25) HPs)
             Began as an Octopode Reaver on June 5, 2023.
             Succumbed to an adder's poison
             ... on level 2 of the Dungeon.
             The game lasted 00:02:24 (999 turns).

Ge0ff the Cutter (Octopode Reaver)                   Turns: 999, Time: 00:02:24

HP:   0/20 (25)     AC:  1    Str: 11    XL:     3   Next: 81%
MP:   4/6           EV: 13    Int: 17    God:
Gold: 53            SH:  0    Dex: 10    Spells: 3/6 levels left

rFire   . . .        a - +0 rapier
rCold   . . .        (no shield)
rNeg    . . .        (helmet restricted)
rPois   .            (no amulet)
rElec   .            (no ring)
rCorr   .            (no ring)
SInv    .            (no ring)
Will    .....        (no ring)
Stlth   +++          (no ring)
HPRegen 0.23/turn    (no ring)
MPRegen 0.10/turn    (no ring)
                     (no ring)

%: no passive effects
@: lethally poisoned (0 -> -5), very slightly contaminated, heavily drained
A: almost no armour, amphibious, 8 rings, camouflage 1, gelatinous body 1,
(nimble swimmer 1), tentacles
a: no special abilities


You were on level 2 of the Dungeon.
You visited 1 branch of the dungeon, and saw 2 of its levels.

You collected 53 gold pieces.

Inventory:

Hand Weapons
 a - a +0 rapier (weapon)
Missiles
 e - 13 stones
Scrolls
 d - 2 scrolls of teleportation {unknown}
Potions
 c - a potion of curing {unknown}


   Skills:
 + Level 2.6 Fighting
 * Level 3.9 Short Blades
 - Level 2.0 Dodging
 - Level 2.0 Stealth
 - Level 2.0 Spellcasting
 - Level 3.0 Conjurations


You had 3 spell levels left.
You knew the following spells:

 Your Spells              Type           Power      Damage    Failure   Level
C - Momentum Strike       Conj/Tloc      12%        3d8       16%         2
E - Kiss of Death         Conj/Necr      24%        2d7       11%         1

Your spell library contained the following spells:

 Spells                   Type           Power      Damage    Failure   Level
 Hailstorm                Conj/Ice       6%         3d4       30%         3
 Volatile Blastmotes      Fire/Tloc      2%         2d10      50%         3
 Fulminant Prism          Conj/Hex       3%         3d5       71%         4
 Iskenderun's Mystic Bla  Conj/Tloc      6%         2d4       71%         4
 Lee's Rapid Deconstruct  Erth           0%         3d4*      99%         5


Dungeon Overview and Level Annotations

Branches:
Dungeon (2/15) Zot: 11004

Altars:


Innate Abilities, Weirdness & Mutations

You cannot wear most types of armour.
You are amphibious.
You can wear up to eight rings at the same time.
Your skin changes colour to match your surroundings (Stealth+).
Your rubbery body absorbs attacks. (AC +1, EV +1)
((You are camouflaged when in or above water. (Stealth+)))
You have tentacles for arms and can constrict up to eight enemies at once.


Message History

You hit the adder. You grab the adder.
The adder is moderately wounded.
You constrict the adder, but do no damage.
The giant cockroach bites you. The adder misses you.
You barely miss the endoplasm. You squeeze the endoplasm.
The endoplasm is heavily wounded.
You constrict the adder.
The ball python hisses angrily.
The giant cockroach misses you.
The adder escapes!
The endoplasm freezes you.
You are frozen.
You closely miss the giant cockroach. Your grab misses the giant cockroach.
The giant cockroach bites you. The adder bites you.
The ball python closely misses you. x2; The endoplasm barely misses you.
The giant cockroach bites you.
The ball python attacks as you move away!
The ball python bites you. The ball python closely misses you.
The giant cockroach attacks as you move away!
The giant cockroach misses you. The adder completely misses you.
The endoplasm hits you but does no damage.
The endoplasm attacks as you move away! The endoplasm closely misses you.
The giant cockroach barely misses you. The adder attacks as you move away!
The adder bites you.
You closely miss the adder. Your grab misses the adder.
The adder is heavily wounded.
The adder bites you. The endoplasm freezes you.
You are frozen.
* * * LOW HITPOINT WARNING * * *
Casting: Momentum Strike (safe; 16% risk of failure)
Confirm with . or Enter, or press ? or * to list all spells.
Aiming: Kiss of Death (safe; 11% risk of failure)
Press: ? - help, Shift-Dir - straight line, f - adder
Aim: an adder (heavily wounded, 100% to hit)
You miscast Kiss of Death.
You are very lightly contaminated with residual magic.
Nothing appears to happen.
The adder bites you.
* * * LOW HITPOINT WARNING * * *
You are lethally poisoned!
The adder poisons you!
The endoplasm hits you but does no damage.
Casting: Kiss of Death (safe; 11% risk of failure)
Confirm with . or Enter, or press ? or * to list all spells.
Aiming: Kiss of Death (safe; 11% risk of failure)
Press: ? - help, Shift-Dir - straight line, f/p - adder
Aim: an adder (heavily wounded, 100% to hit)
The negative energy hits the adder.
The adder is drained!
You kill the adder!
You feel drained.
You die...

# ............#
# #
###.....#..#####
# ####..##.#....
# ##.##...... #
#....#..#
#.......#
##..###..# #
#...# .# ###.
##.@## ##
.....#BJ## ..#.
#....S.## .....
......#g..#...#
>....###.Sg..#
..### ##._$## .
..!..# ...#...#
...###....


You could see an endoplasm, a giant cockroach, a goblin and a ball python.

Vanquished Creatures
  2 adders (D:2)
  2 dart slugs (D:1)
  5 bats
  2 endoplasms (D:1)
  3 giant cockroaches (D:1)
  2 hobgoblins
  2 jackals (D:1)
  2 kobolds (D:1)
  2 quokkas
  4 ball pythons
  5 goblins (D:1)
  3 rats (D:1)
34 creatures vanquished.

Notes
Turn   | Place    | Note
-------+----------+-------------------------------------------
     0 | D:1      | Ge0ff the Octopode Reaver began the quest for the Orb.
     0 | D:1      | Reached XP level 1. HP: 14/14 MP: 3/3
    24 | D:1      | Reached skill level 1 in Stealth
   155 | D:1      | Reached XP level 2. HP: 19/19 MP: 5/5
   161 | D:1      | Learned a level 2 spell: Momentum Strike
   472 | D:1      | Reached XP level 3. HP: 25/25 MP: 6/6
   984 | D:2      | Found a faded altar of an unknown god.
   999 | D:2      | Succumbed to an adder's poison

Illustrated notes

Levels and vault maps discovered:
D:1:      lemuel_arrival_behind_the_door_small, layout_basic
D:2:      layout_rooms, serial_aquarium, aquarium_bridge_straight
          [aquarium_subvault_bridge, aquarium_subvault_wall,
          aquarium_subvault_bridge, aquarium_subvault_balcony],
          aquarium_window_fake, aquarium_window_2, aquarium_window_fake,
          aquarium_window_1, aquarium_view_2c, aquarium_balcony_5a,
          aquarium_pool_five, nicolae_ecumenical_snake_handling

Skill      XL: |  1 |
---------------+----+-----
Stealth        | 2 |  2.0
Fighting       | |  2.6
Short Blades   | |  3.9
Dodging        | |  2.0
Spellcasting   | |  2.0
Conjurations   | |  3.0

Action                     || total
---------------------------++-------
  Melee: Short sword       ||    22
         Constrict         ||    13
         Tentacles         ||     7
         Rapier            ||    31
   Cast: Momentum Strike   ||     9
         Kiss of Death     ||     1
    Use: Scroll            ||     1
   Stab: Sleeping          ||     5
 Armour: Skin              ||     9
  Dodge: Dodged            ||    41

Table legend: (Time is in decaauts)
 A = Elapsed time spent in this place.
 B = Non-inter-level travel time spent in this place.
 C = Inter-level travel time spent in this place.
 D = Time resting spent in this place.
 E = Time spent auto-exploring this place.
 F = Levels seen in this place.
 G = Mean time per level.
                   A        B        C        D        E       F      G
               +--------+--------+--------+--------+--------+-----+--------+
         Total |    995 |    970 |     25 |      0 |    763 |   2 |  497.5 |
       Dungeon |    995 |    970 |     25 |      0 |    763 |   2 |  497.5 |
               +--------+--------+--------+--------+--------+-----+--------+

Top non-repeatable levels by time:
     D:1: 818 daAuts
     D:2: 176 daAuts
